[Event "Titled Tuesday Blitz February 22 Early 2022"]
[White "Samadov, Read"]
[Black "Demin, Vladimir"]
[WhiteFideId "13417444"]
[BlackFideId "4167457"]
[WhiteElo "2084"]
[BlackElo "2582"]
[Result "1-0"]
[Round "06"]
[TimeControl "180+1"]
[Date "2022.02.22"]
[WhiteClock "0:01:13"]
[BlackClock "0:01:09"]

1. d4 Nf6 2. c4 e5 3. dxe5 Ng4 4. e3 Nxe5 5. Nc3 Bb4 6. Bd2 O-O 7. f4 Ng6 8. Bd3 d6 9. Qh5 Nd7 10. Nge2 Nf6 11. Qf3 Bc5 12. O-O-O a6 13. h3 b5 14. Qxa8 b4 15. Ne4 Nxe4 16. Qxe4 Re8 17. Qf3 Qd7 18. h4 Qa4 19. Kb1 b3 20. axb3 Qxb3 21. Nc1 Qa4 22. h5 Nf8 23. h6 g6 24. f5 Nd7 25. fxg6 fxg6 26. Qd5+ 1-0


[Site "https://www.chess.com"]

[Event "Titled Tuesday Blitz February 22 Early 2022"]
[White "Samunenkov, Ihor"]
[Black "Janaszak, Dawid"]
[WhiteFideId "14187086"]
[BlackFideId "1119206"]
[WhiteElo "2406"]
[BlackElo "2199"]
[Result "1-0"]
[Round "06"]
[TimeControl "180+1"]
[Date "2022.02.22"]
[WhiteClock "0:00:17"]
[BlackClock "0:00:58"]

1. e4 c5 2. Nf3 Nc6 3. d4 cxd4 4. Nxd4 g6 5. c4 Bg7 6. Be3 Qb6 7. Nb3 Qd8 8. Nc3 Nf6 9. Nd4 O-O 10. Be2 b6 11. O-O Bb7 12. f3 Qb8 13. Rc1 e6 14. Ndb5 d5 15. cxd5 exd5 16. exd5 Nb4 17. d6 Rd8 18. Nc7 Ne8 19. Nxa8 Qxa8 20. a3 Rxd6 21. Qb3 Nc6 22. Ne4 Nd4 23. Bxd4 Bxd4+ 24. Kh1 Rd7 25. Bb5 Re7 26. Bxe8 Bxe4 27. Bxf7+ Kg7 28. fxe4 Qxe4 29. Bd5 Qh4 30. Qg3 Qh5 31. Bf3 Qb5 32. Qd6 Bc5 33. Qd2 Qa4 34. Rce1 Rf7 35. Bd5 Rd7 36. Qc3+ Bd4 37. Qc6 Qxc6 38. Bxc6 Rc7 39. Bd5 Bxb2 40. a4 Bc3 41. Rc1 a6 42. Rf3 1-0


[Site "https://www.chess.com"]

[Event "Titled Tuesday Blitz February 22 Early 2022"]
[White "Sanchez, Robert"]
[Black "Kornyukov, Alexey"]
[WhiteFideId "2034360"]
[BlackFideId "4150457"]
[WhiteElo "2259"]
[BlackElo "2303"]
[Result "1-0"]
[Round "06"]
[TimeControl "180+1"]
[Date "2022.02.22"]
[WhiteClock "0:02:39"]
[BlackClock "0:02:21"]

1. e4 c5 2. Nf3 Nc6 3. d4 cxd4 4. Nxd4 e5 5. Nb5 a6 6. N5c3 Nf6 7. Bc4 Bb4 8. O-O O-O 9. Bg5 h6 10. Bxf6 Qxf6 11. Nd5 Qg6 12. a3 Bc5 13. b4 Ba7 14. a4 Nd4 15. Ne7+ 1-0


[Site "https://www.chess.com"]

[Event "Titled Tuesday Blitz February 22 Early 2022"]
[White "Sargsyan, Anna M."]
[Black "Iljin, Timofey"]
[WhiteFideId "13308130"]
[BlackFideId "14110180"]
[WhiteElo "2271"]
[BlackElo "2396"]
[Result "1-0"]
[Round "06"]
[TimeControl "180+1"]
[Date "2022.02.22"]
[WhiteClock "0:01:07"]
[BlackClock "0:00:15"]

1. d4 f5 2. Nc3 Nf6 3. Bg5 d5 4. e3 e6 5. Bd3 Be7 6. f3 O-O 7. Nge2 c5 8. dxc5 Bxc5 9. Qd2 h6 10. Bh4 Qb6 11. Bf2 Bd7 12. O-O-O Nc6 13. Na4 Qb4 14. Nxc5 Qxc5 15. a3 e5 16. Nc3 e4 17. Be2 Be6 18. Kb1 Rfd8 19. g4 exf3 20. Bxf3 fxg4 21. Bg2 Qa5 22. h3 Ne5 23. hxg4 Nc4 24. Qd4 Rac8 25. Bh4 Nxa3+ 26. bxa3 Rxc3 27. Bxf6 Rdc8 28. Be5 R3c4 29. Bxd5 Rxd4 30. Bxe6+ Kh7 31. Bxd4 Qb5+ 32. Bb3 a5 33. a4 Qb4 34. Rdf1 b5 35. Rf7 Rg8 36. Rb7 bxa4 37. Rxb4 axb4 38. Bxg8+ Kxg8 39. Rh5 Kf7 40. Ra5 Kg6 41. Rxa4 Kg5 42. Rxb4 Kxg4 43. Bxg7+ Kf3 44. Bxh6 Ke2 45. c4 Kd3 46. c5 Kc3 47. Rd4 Kb3 48. c6 Ka3 49. c7 Kb3 50. c8=Q Ka3 51. Qc3# 1-0


[Site "https://www.chess.com"]

[Event "Titled Tuesday Blitz February 22 Early 2022"]
[White "Sarkar, Justin"]
[Black "Piliczewski, Bogusz"]
[WhiteFideId "2010011"]
[BlackFideId "1104144"]
[WhiteElo "2038"]
[BlackElo "1896"]
[Result "1-0"]
[Round "06"]
[TimeControl "180+1"]
[Date "2022.02.22"]
[WhiteClock "0:00:05"]
[BlackClock "0:00:03"]

1. d4 d5 2. c4 c6 3. Nf3 Nf6 4. Nc3 e6 5. g3 Nbd7 6. Bg2 Bd6 7. O-O O-O 8. Nd2 a6 9. e4 dxe4 10. Ndxe4 Nxe4 11. Nxe4 Be7 12. d5 Ne5 13. d6 Bf6 14. c5 Bd7 15. Nxf6+ Qxf6 16. Qc2 Rfd8 17. Bd2 Qg6 18. Qxg6 hxg6 19. Ba5 Rdc8 20. b3 Be8 21. Rac1 Nd7 22. Bc7 Nf6 23. b4 Nd5 24. Ba5 Rab8 25. Rfd1 Bd7 26. a4 b6 27. cxb6 Nxb6 28. Bxb6 Rxb6 29. Rd4 Rcb8 30. a5 Rxb4 31. Rxb4 Rxb4 32. Bxc6 Bxc6 33. Rxc6 Rb7 34. Rxa6 f5 35. Rb6 Rd7 36. a6 Kh7 37. f4 Kh6 38. Kf2 g5 39. Ke3 Kg6 40. Kd4 Kf6 41. Kc5 e5 42. fxe5+ Kxe5 43. Rc6 f4 44. gxf4+ gxf4 45. Rc7 Rxd6 46. Re7+ Re6 47. Rxe6+ Kxe6 48. a7 f3 49. a8=Q f2 50. Qf3 1-0


[Site "https://www.chess.com"]

[Event "Titled Tuesday Blitz February 22 Early 2022"]
[White "Shahaliyev, Ismayil"]
[Black "Demchenko, Anton"]
[WhiteFideId "13406388"]
[BlackFideId "4160258"]
[WhiteElo "2105"]
[BlackElo "2539"]
[Result "1-0"]
[Round "06"]
[TimeControl "180+1"]
[Date "2022.02.22"]
[WhiteClock "0:00:06"]
[BlackClock "0:00:01"]

1. d4 Nf6 2. Nf3 d6 3. g3 g6 4. Bg2 Bg7 5. O-O O-O 6. a4 a5 7. Re1 Nc6 8. c3 e5 9. Na3 e4 10. Nd2 d5 11. Nf1 Ne7 12. Bf4 c6 13. Be5 Nh5 14. Bxg7 Kxg7 15. f4 Nf6 16. Ne3 h5 17. h3 Nf5 18. Nxf5+ gxf5 19. Nc2 h4 20. gxh4 Nh5 21. Rf1 Qxh4 22. Qe1 Qf6 23. Kh2 Rg8 24. Rg1 Kh6 25. Bh1 Be6 26. Ne3 Kh7 27. Qf2 Qh6 28. Ng2 Rg3 29. Nh4 Rxg1 30. Rxg1 Qxf4+ 31. Qxf4 Nxf4 32. e3 Ng6 33. Ng2 b5 34. Ra1 Kh6 35. axb5 cxb5 36. Kg3 a4 37. Nf4 Rg8 38. Nxg6 fxg6 39. Kf4 Bf7 40. h4 Re8 41. Bg2 Kg7 42. Rh1 Kf6 43. Bf1 Rh8 44. Bxb5 Rb8 45. Bxa4 Rxb2 46. Kg3 Ra2 47. Bb5 Rc2 48. Ra1 Rxc3 49. Ra6+ Kg7 50. Kf4 Rc1 51. Ra7 Kf6 52. Ra6+ Be6 53. Bd7 Rf1+ 54. Kg3 Rf3+ 55. Kg2 Rxe3 56. Bxe6 Kg7 57. Bxd5 Rd3 58. Ra7+ Kh6 59. Ra4 Kh5 60. Bf7 1-0


[Site "https://www.chess.com"]

[Event "Titled Tuesday Blitz February 22 Early 2022"]
[White "Shevtchenko, Olesya"]
[Black "Krzywda, Andrzej"]
[WhiteFideId "24131890"]
[BlackFideId "1114565"]
[WhiteElo "2003"]
[BlackElo "2098"]
[Result "0-1"]
[Round "06"]
[TimeControl "180+1"]
[Date "2022.02.22"]
[WhiteClock "0:01:21"]
[BlackClock "0:01:20"]

1. e4 c5 2. Nf3 d6 3. d4 cxd4 4. Nxd4 Nf6 5. Nc3 a6 6. Be3 e5 7. Nb3 Be7 8. h3 h5 9. Qf3 Be6 10. O-O-O Nc6 11. Be2 Qc7 12. Kb1 b5 13. Nd5 Bxd5 14. exd5 Nb4 15. c4 bxc4 16. Rc1 Nxa2 17. Rxc4 Qb7 18. Kxa2 Rb8 19. Bd1 Nxd5 20. Bd2 O-O 21. Bc2 g6 22. g4 Nb4+ 23. Rxb4 Qxf3 24. Rh2 d5 25. Rxb8 Rxb8 26. gxh5 e4 27. hxg6 Bf6 28. gxf7+ Kxf7 29. h4 Be5 0-1


[Site "https://www.chess.com"]

[Event "Titled Tuesday Blitz February 22 Early 2022"]
[White "Shohat, Yotam"]
[Black "Arabidze, Meri"]
[WhiteFideId "2813955"]
[BlackFideId "13604040"]
[WhiteElo "2119"]
[BlackElo "2329"]
[Result "1/2-1/2"]
[Round "06"]
[TimeControl "180+1"]
[Date "2022.02.22"]
[WhiteClock "0:00:03"]
[BlackClock "0:00:08"]

1. e4 c5 2. Nc3 e6 3. f4 a6 4. Nf3 d5 5. d3 Nc6 6. g3 f5 7. exf5 exf5 8. Bg2 Nf6 9. O-O Be7 10. Re1 O-O 11. Ne5 Nd4 12. Be3 Ne6 13. Bf2 d4 14. Nb1 Nc7 15. Nd2 Ncd5 16. Ndc4 Qc7 17. a4 Be6 18. Ng6 hxg6 19. Rxe6 Rad8 20. a5 Rfe8 21. Qe2 Bf8 22. Re1 Rxe6 23. Qxe6+ Qf7 24. Qxf7+ Kxf7 25. Ne5+ Kg8 26. Nxg6 Bd6 27. h3 Nb4 28. Bxb7 Nxc2 29. Bxa6 Nxe1 30. Bxe1 Kf7 31. Ne5+ Bxe5 32. fxe5 Nd5 33. Bb7 Ke6 34. a6 Kxe5 35. a7 f4 36. gxf4+ Nxf4 37. Bg3 c4 38. a8=Q Rxa8 39. Bxa8 c3 40. bxc3 dxc3 41. d4+ Kf5 42. Be1 c2 43. Bd2 Ne2+ 44. Kf2 c1=Q 45. Bxc1 Nxc1 46. Ke3 Nb3 47. Be4+ Kg5 48. d5 Nc5 49. Kd4 Nd7 50. d6 Kf6 51. Kd5 Ne5 52. Kc5 g5 53. Bc6 Ke6 54. Bd5+ Kf6 55. Be4 Ke6 56. Bd5+ Kd7 57. Bb3 Nd3+ 58. Kd5 Nf4+ 59. Ke5 Kd8 60. Ba4 Nxh3 61. Kf5 Nf4 62. Kxg5 Ne6+ 63. Kf6 Nc5 64. Bb5 Ne4+ 65. Ke6 Nc3 66. Ke5 Nxb5 67. Kd5 Nxd6 1/2-1/2


[Site "https://www.chess.com"]

[Event "Titled Tuesday Blitz February 22 Early 2022"]
[White "Shtyka, Sergey"]
[Black "Singh, Ojasva"]
[WhiteFideId "4138465"]
[BlackFideId "25681958"]
[WhiteElo "2014"]
[BlackElo "1741"]
[Result "1-0"]
[Round "06"]
[TimeControl "180+1"]
[Date "2022.02.22"]
[WhiteClock "0:00:43"]
[BlackClock "0:00:03"]

1. e4 e5 2. Nf3 d6 3. d4 exd4 4. Nxd4 Nf6 5. Nc3 Be7 6. Be2 O-O 7. O-O Nc6 8. Be3 Re8 9. Nxc6 bxc6 10. Bf3 Bf8 11. Qd3 Nd7 12. Qd2 Ne5 13. Be2 Be6 14. b3 Qh4 15. Bg5 Qxg5 16. Qxg5 h6 17. Qd2 g5 18. f4 gxf4 19. Qxf4 Bg7 20. Rad1 a5 21. Bh5 Re7 22. Ne2 a4 23. Nd4 axb3 24. axb3 c5 25. Nxe6 fxe6 26. h3 Ra2 27. Rf2 Nc6 28. Bf7+ Kh8 29. Kh1 Ra8 30. Bh5 Kg8 31. Rdf1 Ne5 32. Qe3 c4 33. bxc4 Nxc4 34. Qg3 Ne5 35. c4 Kh8 36. Qb3 Kg8 37. Ra2 Rd8 38. Ra7 Nc6 39. Ra6 Nd4 40. Qd1 Be5 41. Ra5 c5 42. Ra2 Rg7 43. Raf2 Rdd7 44. Bg4 Rde7 45. Qd3 Kh7 46. Rf8 Nc6 47. R1f2 Bd4 48. Rf1 Ne5 49. Qd1 Ng6 50. Ra8 Ne5 51. Bh5 Nxc4 52. Rff8 Ne3 53. Rh8# 1-0


[Site "https://www.chess.com"]

[Event "Titled Tuesday Blitz February 22 Early 2022"]
[White "Shuvalova, Polina"]
[Black "Dreev, Aleksey"]
[WhiteFideId "24171760"]
[BlackFideId "4100107"]
[WhiteElo "2355"]
[BlackElo "2636"]
[Result "0-1"]
[Round "06"]
[TimeControl "180+1"]
[Date "2022.02.22"]
[WhiteClock "0:00:13"]
[BlackClock "0:01:58"]

1. e4 c5 2. Nf3 Nf6 3. e5 Nd5 4. Nc3 e6 5. Nxd5 exd5 6. d4 Nc6 7. dxc5 Bxc5 8. Bd3 d6 9. exd6 Qxd6 10. O-O O-O 11. h3 Re8 12. Bg5 h6 13. Bd2 Bb6 14. Re1 Be6 15. c3 Bc7 16. Qc2 d4 17. Rad1 Bd5 18. Bh7+ Kh8 19. Be4 d3 20. Qxd3 Bxe4 21. Qxd6 Bxd6 22. Bxh6 Bxf3 23. Rxe8+ Rxe8 24. Bxg7+ Kxg7 25. gxf3 Bf4 0-1


[Site "https://www.chess.com"]

[Event "Titled Tuesday Blitz February 22 Early 2022"]
[White "Srihari L R"]
[Black "Ezat, Mohamed"]
[WhiteFideId "46617116"]
[BlackFideId "10600906"]
[WhiteElo "2121"]
[BlackElo "2386"]
[Result "0-1"]
[Round "06"]
[TimeControl "180+1"]
[Date "2022.02.22"]
[WhiteClock "0:00:05"]
[BlackClock "0:00:09"]

1. c4 Nf6 2. Nc3 g6 3. b3 Bg7 4. Bb2 O-O 5. g3 c5 6. Bg2 Nc6 7. Nf3 d5 8. Nxd5 Nxd5 9. Bxg7 Kxg7 10. cxd5 Qxd5 11. O-O Qh5 12. d4 cxd4 13. Nxd4 Rd8 14. e3 Bg4 15. Qe1 Nxd4 16. exd4 Be2 17. Bxb7 Rab8 18. Bg2 Bxf1 19. Bxf1 e6 20. Qe3 Qd5 21. Rd1 e5 22. Bc4 exd4 23. Qf4 Qf5 24. Rxd4 Qxf4 25. Rxf4 Rb7 26. Re4 Kf8 27. Kg2 Re7 28. Rf4 Kg7 29. h4 f5 30. Rf3 Rd2 31. a4 a5 32. h5 Kf6 33. hxg6 hxg6 34. g4 Kg5 35. gxf5 gxf5 36. Rg3+ Kf6 37. Kf3 Rc2 38. Rg8 Rc3+ 39. Kg2 Rg7+ 40. Rxg7 Kxg7 41. f3 Kf6 42. f4 Ke7 43. Kf2 Kf6 44. Ke2 Kg6 45. Kf2 Kh5 46. Be2+ Kh4 47. Bd1 Rd3 48. Ke2 Rd7 49. Bc2 Kg4 50. Ke3 Re7+ 51. Kd4 Kxf4 52. Bb1 Rd7+ 53. Kc5 Rd1 54. Bxf5 Kxf5 55. b4 Rc1+ 56. Kb5 axb4 57. Kxb4 Ke5 58. Kb5 Kd6 59. a5 Rb1+ 60. Ka6 Kc7 61. Ka7 Ra1 62. a6 Ra2 63. Ka8 Rxa6# 0-1


[Site "https://www.chess.com"]

[Event "Titled Tuesday Blitz February 22 Early 2022"]
[White "Stanisz, Patryk"]
[Black "Dushyant Sharma"]
[WhiteFideId "1123106"]
[BlackFideId "25065130"]
[WhiteElo "1876"]
[BlackElo "2012"]
[Result "0-1"]
[Round "06"]
[TimeControl "180+1"]
[Date "2022.02.22"]
[WhiteClock "0:00:08"]
[BlackClock "0:00:10"]

1. Nf3 d5 2. c4 e6 3. g3 Nf6 4. Bg2 Be7 5. O-O O-O 6. b3 c5 7. e3 Nc6 8. cxd5 exd5 9. Bb2 Be6 10. d4 c4 11. Ne5 Nxe5 12. dxe5 Ne4 13. bxc4 Qb6 14. Bd4 Qa6 15. cxd5 Bxd5 16. Qg4 Qe6 17. Qxe6 fxe6 18. Nc3 Nxc3 19. Bxc3 Bxg2 20. Kxg2 Rac8 21. Rac1 Ba3 22. Rc2 Rc6 23. Rb1 Rfc8 24. Rb3 Bf8 25. Kf1 b5 26. a3 Rc5 27. Rd2 Rxc3 28. Rxb5 Rxa3 29. Rd7 Ra2 30. Rbb7 Rcc2 31. Rf7 a5 32. Rf4 Rc8 33. Ra7 h6 34. h4 Kh7 35. h5 Rb8 36. Raf7 Bb4 37. R4f6 a4 38. Rxe6 a3 39. Ra6 Bc5 40. e6 Ra1+ 41. Kg2 a2 42. g4 Rb2 43. g5 hxg5 44. e7 Bxe7 45. Rxe7 Rc1 46. Rg6 Rxf2+ 47. Kxf2 a1=Q 48. Rexg7+ Qxg7 49. Rxg7+ Kxg7 50. Kg3 Kh6 51. Kg4 Rg1+ 52. Kf5 Kxh5 53. e4 Rf1+ 54. Ke5 g4 0-1


[Site "https://www.chess.com"]

[Event "Titled Tuesday Blitz February 22 Early 2022"]
[White "Suarez Uriel, Adrian"]
[Black "Hakemi, Arman"]
[WhiteFideId "22230874"]
[BlackFideId "22520805"]
[WhiteElo "2316"]
[BlackElo "2208"]
[Result "0-1"]
[Round "06"]
[TimeControl "180+1"]
[Date "2022.02.22"]
[WhiteClock "0:01:08"]
[BlackClock "0:00:16"]

1. e4 c5 2. Ne2 e6 3. d4 cxd4 4. Nxd4 Nc6 5. Nc3 Qc7 6. Qd3 Nf6 7. Ndb5 Qb8 8. Qg3 d6 9. Bf4 e5 10. Bg5 a6 11. Bxf6 gxf6 12. Na3 b5 13. Nd5 Be6 14. Nxf6+ Kd8 15. Nd5 Bxd5 16. exd5 Ne7 17. c4 bxc4 18. Bxc4 Qb4+ 19. Qc3 Qxc3+ 20. bxc3 Ng6 21. Rb1 Kc7 22. g3 f5 23. Ke2 Bg7 24. h4 e4 25. Bb3 Rhe8 26. Nc4 f4 27. h5 f3+ 28. Kd1 Ne5 29. Nxe5 Rxe5 30. Rh4 e3 31. fxe3 Rxe3 32. Kd2 Rae8 33. Rf1 Bxc3+ 34. Kc2 Be1 35. Rf4 f2 36. Rf7+ Kb6 37. Rxh7 Rc3+ 38. Kb2 Re2+ 39. Ka3 a5 40. Rh8 Rxg3 41. h6 Bb4+ 42. Ka4 Rxa2+ 43. Bxa2 Ra3# 0-1


[Site "https://www.chess.com"]

[Event "Titled Tuesday Blitz February 22 Early 2022"]
[White "Svane, Rasmus"]
[Black "Bortnyk, Olexandr"]
[WhiteFideId "4657101"]
[BlackFideId "14120828"]
[WhiteElo "2645"]
[BlackElo "2723"]
[Result "1-0"]
[Round "06"]
[TimeControl "180+1"]
[Date "2022.02.22"]
[WhiteClock "0:00:05"]
[BlackClock "0:00:03"]

1. Nf3 d6 2. d4 Nf6 3. Nc3 g6 4. e4 Bg7 5. Be3 c6 6. a4 Qa5 7. Qd2 Bg4 8. Be2 O-O 9. O-O Bxf3 10. Bxf3 e5 11. Rad1 Nbd7 12. d5 c5 13. Qd3 a6 14. Ra1 Rac8 15. Rfb1 h5 16. Bd2 Kh7 17. Nd1 Qc7 18. c4 Bh6 19. Ne3 Ne8 20. Qc2 Ng7 21. Rf1 Qd8 22. Rae1 a5 23. Be2 b6 24. Bd3 Nb8 25. Qd1 Na6 26. g3 Nb4 27. Bb1 Qd7 28. Bc3 Qh3 29. Ng2 Ne8 30. f4 Nf6 31. Ne3 Nd7 32. Qf3 exf4 33. gxf4 Qxf3 34. Rxf3 Rce8 35. Ng2 Bg7 36. Kf1 Bf6 37. Rfe3 Bd4 38. R3e2 Kg7 39. e5 dxe5 40. fxe5 Re7 41. Re4 Rfe8 42. e6 Nf6 43. Bxd4 cxd4 44. Rxd4 fxe6 45. dxe6 Rxe6 46. Rxe6 Rxe6 47. Nf4 Re5 48. Nxg6 Rg5 49. Nf4 Re5 50. h3 h4 51. Kf2 Re7 52. Nd3 Nxd3+ 53. Bxd3 Nd7 54. Rxh4 Nc5 55. Bc2 Kf6 56. Rh6+ Ke5 57. Rxb6 Kd4 58. Rb5 Rf7+ 59. Kg3 Rg7+ 60. Kf4 Rg2 61. Bf5 Nxa4 62. Rxa5 Nxb2 63. c5 Rf2+ 64. Kg5 Nc4 65. Rb5 Ne3 66. Bg4 Rc2 67. h4 Rg2 68. Rb4+ Kxc5 69. Re4 Nc4 70. h5 Nd6 71. Rf4 Rh2 72. h6 Kd5 73. Bh5 Rg2+ 74. Rg4 Ra2 75. h7 Ra8 76. Kh6 Nf5+ 77. Kg6 Nd6 78. Kf6 Rh8 79. Bg6 Ra8 80. Rh4 Rh8 81. Kg7 Rxh7+ 82. Kxh7 Ke5 83. Kh6 Kf6 84. Rf4+ Ke5 85. Rf1 Kd4 86. Kg5 Nc4 87. Kf4 Kc5 88. Bd3 Nd6 89. Ke5 Nb7 90. Rc1+ Kb6 91. Kd5 Na5 92. Rb1+ Kc7 93. Ba6 Kd7 94. Rb5 Kc7 95. Rxa5 Kb6 96. Ra1 Ka7 97. Bc4+ 1-0


[Site "https://www.chess.com"]

[Event "Titled Tuesday Blitz February 22 Early 2022"]
[White "Sviridov, Valery"]
[Black "Cherniaiev, Tykhon"]
[WhiteFideId "4120680"]
[BlackFideId "14182360"]
[WhiteElo "2454"]
[BlackElo "2289"]
[Result "1/2-1/2"]
[Round "06"]
[TimeControl "180+1"]
[Date "2022.02.22"]
[WhiteClock "0:00:22"]
[BlackClock "0:00:18"]

1. Nf3 Nf6 2. g3 d5 3. Bg2 e6 4. O-O Be7 5. c4 O-O 6. d4 dxc4 7. Qa4 a6 8. Qxc4 b5 9. Qc2 Bb7 10. Bd2 Be4 11. Qc1 Nbd7 12. Nc3 Bb7 13. Bg5 c5 14. Bxf6 Nxf6 15. dxc5 Bxc5 16. Rd1 Qc7 17. Qf4 Qb6 18. Ne5 Rad8 19. a4 b4 20. a5 Bxf2+ 21. Qxf2 Qxf2+ 22. Kxf2 Bxg2 23. Kxg2 bxc3 24. bxc3 Nd5 25. Rd3 f6 26. Nc6 Rc8 27. Nb4 Nxc3 28. Nxa6 Nd5 29. e4 Rc6 30. exd5 Rxa6 31. dxe6 Rxe6 32. a6 Ra8 33. a7 Re7 34. Rda3 Kf7 35. Kf3 h6 36. Kf4 Rd7 37. Ra4 Re7 38. g4 Rd7 39. Ke4 Re8+ 40. Kf3 Ra8 41. h4 Re7 42. h5 Rd7 43. Kf4 Re7 44. Ra5 Rd7 45. R1a4 Re7 46. Kf3 Rd7 47. Ke3 Re8+ 48. Kf2 Ra8 49. Ra6 Re7 50. Kf3 Rd7 51. Kf4 Re7 52. R4a5 Rd7 53. Kf5 Re7 54. g5 hxg5 55. h6 g6+ 56. Kg4 Kg8 57. Rxf6 Raxa7 58. Rxg5 Ra4+ 59. Kf3 Ra3+ 60. Kg4 Ra4+ 61. Kg3 Ra3+ 62. Kg4 Ra4+ 1/2-1/2


[Site "https://www.chess.com"]

[Event "Titled Tuesday Blitz February 22 Early 2022"]
[White "Sviridova, Vlada"]
[Black "Marcinczyk, Monika"]
[WhiteFideId "24109606"]
[BlackFideId "1192051"]
[WhiteElo "2101"]
[BlackElo "1730"]
[Result "1-0"]
[Round "06"]
[TimeControl "180+1"]
[Date "2022.02.22"]
[WhiteClock "0:00:15"]
[BlackClock "0:00:07"]

1. d4 d5 2. c4 e6 3. Nf3 Nf6 4. Nc3 b6 5. cxd5 exd5 6. Bg5 Bb7 7. e3 Nbd7 8. Bb5 c6 9. Bd3 Bd6 10. O-O O-O 11. Qc2 h6 12. Bh4 Re8 13. Rfe1 Qc7 14. Bg3 Bxg3 15. hxg3 Qd6 16. a3 c5 17. Bb5 Ne4 18. Bxd7 Qxd7 19. Ne5 Qf5 20. g4 Qg5 21. f4 Qh4 22. Nxe4 dxe4 23. Qc4 Qe7 24. dxc5 bxc5 25. Rac1 Rac8 26. Red1 Qe6 27. Qxe6 Rxe6 28. Rd7 Bc6 29. Rxa7 Bb5 30. a4 Bd3 31. Nxf7 Rb6 32. a5 Rxb2 33. Nd6 Rd8 34. Nf5 c4 35. Rxg7+ Kf8 36. a6 c3 37. Rc7 c2 38. Kh2 Rb1 39. R1xc2 Bxc2 40. Rxc2 Ra1 41. Rc6 Ra8 42. Rxh6 R1xa6 43. Rh8+ Kf7 44. Rh7+ Kg6 45. Rg7+ Kf6 46. Rb7 Rh8+ 47. Kg3 Ra3 48. Rb6+ Kf7 49. g5 Rg8 50. Nh6+ Kg7 51. Nxg8 Kxg8 52. f5 Rxe3+ 53. Kf4 Re2 54. Ke5 Rxg2 55. Kf6 e3 56. Rb8+ Kh7 57. g6+ Kh6 58. Rh8# 1-0


[Site "https://www.chess.com"]

[Event "Titled Tuesday Blitz February 22 Early 2022"]
[White "Tari, Aryan"]
[Black "Vokhidov, Shamsiddin"]
[WhiteFideId "1510045"]
[BlackFideId "14204223"]
[WhiteElo "2567"]
[BlackElo "2611"]
[Result "0-1"]
[Round "06"]
[TimeControl "180+1"]
[Date "2022.02.22"]
[WhiteClock "0:00:18"]
[BlackClock "0:01:06"]

1. e4 c5 2. Nc3 Nc6 3. f4 e6 4. Nf3 d5 5. Bb5 Ne7 6. exd5 Nxd5 7. O-O Be7 8. Ne5 Bd7 9. Bxc6 Bxc6 10. Nxc6 bxc6 11. Ne4 f5 12. Ng5 Bxg5 13. Qh5+ g6 14. Qxg5 Qxg5 15. fxg5 Nb4 16. c3 Nd3 17. b3 e5 18. Ba3 a5 19. Rae1 Nxe1 20. Rxe1 O-O-O 21. Bxc5 Rxd2 22. Rxe5 Rd5 23. Rxd5 cxd5 24. Kf2 Kd7 25. Bb6 Ra8 26. Kf3 a4 27. Bd4 Rb8 28. b4 Kc6 29. g4 fxg4+ 30. Kxg4 Re8 31. a3 Kb5 32. h4 Kc4 33. Kf3 Kb3 34. b5 Kxa3 35. b6 Kb3 36. b7 Rb8 0-1


[Site "https://www.chess.com"]

[Event "Titled Tuesday Blitz February 22 Early 2022"]
[White "Tasev, Dejan"]
[Black "Batsiashvili, Nino"]
[WhiteFideId "936618"]
[BlackFideId "13602993"]
[WhiteElo "2253"]
[BlackElo "2230"]
[Result "1-0"]
[Round "06"]
[TimeControl "180+1"]
[Date "2022.02.22"]
[WhiteClock "0:00:35"]
[BlackClock "0:00:17"]

1. e4 e5 2. Nf3 Nc6 3. Bb5 a6 4. Ba4 Nf6 5. O-O b5 6. Bb3 Bc5 7. c3 d6 8. d4 Bb6 9. h3 O-O 10. Re1 h6 11. Be3 Re8 12. Nbd2 exd4 13. cxd4 Na5 14. Bc2 c5 15. Rc1 cxd4 16. Nxd4 Bb7 17. Qf3 Nc4 18. Nxc4 bxc4 19. Nf5 Bxe3 20. Rxe3 d5 21. Qg3 Nh5 22. Nxh6+ Kf8 23. Qf3 Nf6 24. Nxf7 Kxf7 25. e5 Rb8 26. exf6 Qxf6 27. Qh5+ Kf8 28. Rf3 Re6 29. Rxf6+ Rxf6 30. Qh8+ Kf7 31. Qxb8 1-0


[Site "https://www.chess.com"]

[Event "Titled Tuesday Blitz February 22 Early 2022"]
[White "Tay, Junior"]
[Black "Gunina, Valentina"]
[WhiteFideId "5800439"]
[BlackFideId "4167570"]
[WhiteElo "2216"]
[BlackElo "2465"]
[Result "0-1"]
[Round "06"]
[TimeControl "180+1"]
[Date "2022.02.22"]
[WhiteClock "0:00:30"]
[BlackClock "0:02:15"]

1. Nc3 d5 2. e4 dxe4 3. f3 exf3 4. Nxf3 Nf6 5. d4 Bf5 6. Bc4 e6 7. O-O c6 8. Ne5 Bg6 9. Bg5 Be7 10. Qe2 Qxd4+ 11. Kh1 Nbd7 12. Nxg6 hxg6 13. Rad1 Qe5 14. Bf4 Qxe2 15. Nxe2 Nd5 16. Bg3 Ne3 17. Bb3 Nxf1 18. Rxf1 Nf6 19. Nd4 Ne4 20. Bc7 Rc8 21. Re1 Nf2+ 22. Kg1 Rxc7 23. Kxf2 Bc5 24. c3 Bxd4+ 25. cxd4 Rxh2 26. d5 cxd5 27. Bxd5 Rh5 28. Bf3 Rb5 29. Re2 Ke7 30. Kg3 f5 31. Kh4 Kf6 0-1


[Site "https://www.chess.com"]

[Event "Titled Tuesday Blitz February 22 Early 2022"]
[White "Terzi, Alexei"]
[Black "Lakshmi C"]
[WhiteFideId "13505076"]
[BlackFideId "25035347"]
[WhiteElo "2031"]
[BlackElo "1775"]
[Result "0-1"]
[Round "06"]
[TimeControl "180+1"]
[Date "2022.02.22"]
[WhiteClock "0:01:27"]
[BlackClock "0:01:02"]

1. e4 e5 2. Nf3 Nc6 3. d4 exd4 4. Nxd4 d6 5. Nc3 Nf6 6. Bg5 Nxd4 7. Qxd4 Be7 8. O-O-O h6 9. Be3 Be6 10. f3 c6 11. g4 Qa5 12. a3 d5 13. exd5 Nxd5 14. Nxd5 Bxd5 15. Qxg7 O-O-O 16. Be2 Bxa3 17. c4 Rhe8 18. Qxh6 Qc3+ 0-1


[Site "https://www.chess.com"]

[Event "Titled Tuesday Blitz February 22 Early 2022"]
[White "Thomas, Anysia"]
[Black "Freitag, Manfred"]
[WhiteFideId "670472"]
[BlackFideId "1602004"]
[WhiteElo "2002"]
[BlackElo "2275"]
[Result "0-1"]
[Round "06"]
[TimeControl "180+1"]
[Date "2022.02.22"]
[WhiteClock "0:00:02"]
[BlackClock "0:01:41"]

1. d4 Nf6 2. c4 g6 3. Nc3 Bg7 4. e4 O-O 5. Nf3 d6 6. h3 e5 7. d5 a5 8. Be3 Na6 9. g4 Nd7 10. Be2 f5 11. gxf5 gxf5 12. exf5 Ndc5 13. Rg1 Bxf5 14. Bh6 Bg6 15. Bxg7 Kxg7 16. h4 Kh8 17. Ng5 Qf6 18. Rg2 Qf4 19. Qd2 Nb4 20. Qxf4 Rxf4 21. O-O-O Rxh4 22. Rdg1 Rf8 23. f3 Nbd3+ 24. Bxd3 Nxd3+ 25. Kd2 Nf4 26. Rg3 Rh2+ 27. Kc1 Rc2+ 28. Kd1 Rxb2 29. Nge4 Rb4 30. Ng5 Rxc4 31. Nce4 Nxd5 32. Rh1 Nf4 33. Kd2 Rd4+ 34. Ke3 Rd3+ 35. Kf2 Nh5 36. Rxh5 Bxh5 37. Ne6 Rfxf3+ 38. Kg2 Rxg3+ 39. Nxg3 Rxg3+ 40. Kxg3 Bf7 0-1


[Site "https://www.chess.com"]

[Event "Titled Tuesday Blitz February 22 Early 2022"]
[White "Timofeev, Artyom"]
[Black "Deac, Bogdan-Daniel"]
[WhiteFideId "4140419"]
[BlackFideId "1226380"]
[WhiteElo "2583"]
[BlackElo "2646"]
[Result "1/2-1/2"]
[Round "06"]
[TimeControl "180+1"]
[Date "2022.02.22"]
[WhiteClock "0:00:08"]
[BlackClock "0:00:10"]

1. d4 Nf6 2. c4 g6 3. Nc3 d5 4. Bf4 Bg7 5. e3 c5 6. dxc5 Qa5 7. Rc1 Nbd7 8. cxd5 O-O 9. Bc4 Nxc5 10. Ne2 Bd7 11. a3 Ba4 12. b4 Bxd1 13. bxa5 Bb3 14. Bxb3 Nxb3 15. Rb1 Nxa5 16. O-O b6 17. Rfd1 Rfd8 18. e4 Rac8 19. f3 Nh5 20. Bd2 Nc4 21. Bc1 Nd6 22. Nb5 Nxb5 23. Rxb5 f5 24. exf5 gxf5 25. d6 e6 26. g4 Nf6 27. gxf5 exf5 28. Rxf5 Kf7 29. Nf4 Rc6 30. d7 Rc7 31. Bb2 Rcxd7 32. Rxd7+ Rxd7 33. Bxf6 Bxf6 34. Nd5 Rd6 35. Nxf6 Rxf6 36. Rh5 Kg6 37. Rh3 Rf5 38. Kg2 h5 39. Rh4 b5 40. a4 a6 41. axb5 Rxb5 42. Rc4 a5 43. Kg3 Kf5 44. Rf4+ Kg5 45. h4+ Kg6 46. Ra4 Kf6 47. Rc4 Kg6 48. Ra4 Kf6 49. Rc4 Kg6 50. Ra4 1/2-1/2


[Site "https://www.chess.com"]